 Dungeon Crawl Stone Soup version 0.26.0-45-g9c1d065592 (webtiles) character file.

Game seed: 13976305205130940332

12 kaeus the Ducker (level 2, -2/21 HPs)
             Began as an Octopode Fighter on Jan 29, 2021.
             Slain by a hobgoblin
             ... wielding a +0 club
              (5 damage)
             ... on level 1 of the Dungeon.
             The game lasted 00:00:14 (191 turns).

kaeus the Ducker (Octopode Fighter)                  Turns: 191, Time: 00:00:15

Health: -2/21      AC:  1    Str: 15    XL:     2   Next: 33%
Magic:  2/2        EV: 11    Int: 10    God:
Gold:   11         SH:  8    Dex: 11    Spells: 1/1 levels left

rFire    . . .     SeeInvis .   a - +0 rapier
rCold    . . .     Faith    .   b - +0 kite shield
rNeg     . . .     Spirit   .   (helmet restricted)
rPois    .         Reflect  .   (no amulet)
rElec    .         Harm     .   (no ring)
rCorr    .         Rampage  .   (no ring)
Will     .....                  (no ring)
Stlth    +++.......             (no ring)
HPRegen  0.07/turn              (no ring)
MPRegen  0.08/turn              (no ring)
                                (no ring)
                                (no ring)

@: no status effects
A: almost no armour, stealthy swim, amphibious, 8 rings, constrict 8, camouflage
1, gelatinous body 1
a: no special abilities


You were on level 1 of the Dungeon.
You visited 1 branch of the dungeon, and saw 1 of its levels.

You collected 11 gold pieces.

Inventory:

Hand Weapons
 a - a +0 rapier (weapon)
Armour
 b - a +0 kite shield (worn)
Scrolls
 d - 2 scrolls of teleportation {unknown}
 e - a scroll of remove curse {unknown}
Potions
 c - a potion of might


   Skills:
 + Level 3.1 Fighting
 + Level 2.1 Short Blades
 + Level 3.1 Dodging
 * Level 1.4 Stealth
 + Level 3.1 Shields


You had one spell level left.
You didn't know any spells.
Your spell library was empty.

Dungeon Overview and Level Annotations

Branches:
Dungeon (1/15)

Altars:


Innate Abilities, Weirdness & Mutations

You cannot wear most types of armour.
You are very stealthy in the water. (Stealth+)
You are amphibious.
You can wear up to eight rings at the same time.
You can use your tentacles to constrict eight enemies at once.
Your skin changes colour to match your surroundings (Stealth+).
Your rubbery body absorbs attacks. (AC +1, EV +1)


Message History

There are monsters nearby!
You closely miss the hobgoblin. You grab the hobgoblin.
You squeeze the hobgoblin.
The hobgoblin is moderately wounded.
You constrict the hobgoblin. The bat hits you but does no damage.
You block the hobgoblin's attack.
You barely miss the hobgoblin.
The hobgoblin is heavily wounded.
You constrict the hobgoblin. The bat barely misses you.
You block the hobgoblin's attack.
You release your grip on the hobgoblin.
The hobgoblin misses you. You block the bat's attack.
You closely miss the hobgoblin. Your grab misses the hobgoblin.
The hobgoblin is almost dead.
The bat hits you. The hobgoblin hits you with a +0 club.
* * * LOW HITPOINT WARNING * * *
You take 6 damage, and have 3/21 hp.
MASSIVE DAMAGE!!
You hit the rat but do no damage. Your grab misses the rat.
The bat barely misses you. The hobgoblin hits you with a +0 club.
You die...

# #. #.# ##.## #.##.##.#
##...##
........######.....##
#.)..............#
##........).......
#######..b####.#.......#
[.........# #.##.......
####.gr.$# #.###.#.###
#.#@..# ##.#.###...
........### ##...#.###
#####..#########..#.####
.... ..........†....
###.. ........#####. ##.
####.......... ..
###.##.##.. ..
###...#.#...
#.......#...


You could see a hobgoblin, a bat and a rat.

Vanquished Creatures
  A leopard gecko (D:1)
  A giant cockroach (D:1)
  2 hobgoblins (D:1)
  A kobold (D:1)
  A ball python (D:1)
  A bat (D:1)
  A frilled lizard (D:1)
  2 goblins (D:1)
  A rat (D:1)
11 creatures vanquished.

Notes
Turn   | Place    | Note
-------+----------+-------------------------------------------
     0 | D:1      | kaeus the Octopode Fighter began the quest for the Orb.
     0 | D:1      | Reached XP level 1. HP: 16/16 MP: 1/1
    31 | D:1      | Reached skill level 1 in Stealth
    94 | D:1      | Reached XP level 2. HP: 21/21 MP: 2/2
   191 | D:1      | Slain by a hobgoblin

Illustrated notes

Levels and vault maps discovered:
D:1:      ncdulo_smallfort, layout_loops_ring

Skill      XL: |  1 |
---------------+----+-----
Stealth        | 1 |  1.4
Fighting       | |  3.1
Short Blades   | |  2.1
Dodging        | |  3.1
Shields        | |  3.1

Action                   || total
-------------------------++-------
Melee: Rapier            ||    28
       Constrict         ||     6
       Tentacles         ||     4
 Stab: Sleeping          ||     2
Armor: Skin              ||     3
Dodge: Dodged            ||     5
Block: Kite shield       ||    14
